 Dungeon Crawl Stone Soup version 0.25.1-2-g60ff931df9 (webtiles) character file.

Game seed: 16779196763546865695

20 ArchParadox the Firebug (level 2, -3/23 HPs)
             Began as a Draconian Fire Elementalist on Oct 23, 2020.
             Slain by a quokka (5 damage)
             ... on level 1 of the Dungeon.
             The game lasted 00:02:41 (715 turns).

ArchParadox the Firebug (DrFE)                       Turns: 715, Time: 00:02:42

Health: -3/23      AC:  4    Str: 10    XL:     2   Next: 58%
Magic:  1/5        EV: 12    Int: 15    God:
Gold:   8          SH:  0    Dex: 11    Spells: 4/5 levels left

rFire    . . .     SeeInvis .   c - -2 short sword (curse)
rCold    . . .     Gourm    .   (no shield)
rNeg     . . .     Faith    .   (armour unavailable)
rPois    .         Spirit   .   (helmet restricted)
rElec    .         Reflect  .   (no cloak)
rCorr    .         Harm     .   (no gloves)
MR       .....                  (no boots)
Stlth    ++........             (no amulet)
HPRegen  0.07/turn              (no ring)
MPRegen  0.09/turn              (no ring)

@: no status effects
A: unfitting armour, cold-blooded, AC +4
a: no special abilities


You were on level 1 of the Dungeon.
You were not hungry.

You visited 1 branch of the dungeon, and saw 2 of its levels.

You collected 8 gold pieces.

Inventory:

Hand Weapons
 c - a cursed -2 short sword (weapon)
 e - a +0 dagger
Potions
 d - a potion of berserk rage {unknown}
Comestibles
 a - a chunk of flesh
 b - a ration


   Skills:
 + Level 1.0 Fighting
 - Level 1.7 Dodging
 - Level 1.7 Stealth
 - Level 2.0 Spellcasting
 + Level 1.5 Conjurations
 * Level 3.5 Fire Magic


You had 4 spell levels left.
You knew the following spells:

 Your Spells              Type           Power        Failure   Level  Hunger
a - Foxfire               Conj/Fire      #...         8%          1    #......

Your spell library contained the following spells:

 Spells                   Type           Power        Failure   Level  Hunger
 Conjure Flame            Conj/Fire      #.......     24%         3    ###....
 Inner Flame              Hex/Fire       #.......     32%         3    ###....
 Sticky Flame             Conj/Fire      #.......     61%         4    #####..
 Fireball                 Conj/Fire      #.........   91%         5    ######.


Dungeon Overview and Level Annotations

Branches:
Dungeon (2/15)

Altars:

Annotations:
D:1 Ijyb


Innate Abilities, Weirdness & Mutations

Your plain brown scales are hard. (AC +4)
You cannot fit into any form of body armour.
You are cold-blooded and may be slowed by cold attacks.


Message History

The quokka is almost dead.
The quokka closely misses you.
Ijyb screams, "Die!"
Ijyb hits you but does no damage.
You closely miss the quokka.
The quokka is almost dead.
The quokka closely misses you. Ijyb hits you but does no damage.
The quokka bites you.
* * * LOW HITPOINT WARNING * * *
You miss the quokka.
The quokka is almost dead.
The quokka barely misses you. Ijyb closely misses you.
You hit the quokka but do no damage.
The quokka is almost dead.
The quokka barely misses you. Ijyb hits you but does no damage.
Casting: Foxfire (safe; 8% risk of failure)
Confirm with . or Enter, or press ? or * to list all spells.
Nothing appears to happen.
The quokka closely misses you. Ijyb hits you but does no damage.
The quokka bites you.
You die...

....#..##+# ........... #.
#..#.(.#.# #.####..#...#.#
### #.............. ....
#.####......... .....
#.............#
.####..####..#.#....รท##>#
......r@g...............
#.#.##..####..#.#.##.###.#
##.#.##..####..#.#.##.#
#.#
............#..#.#.##.#
#.#
................#.####.#
#.#
..#.#.##...............#
#.#
.........^.....#.####.#
...............#.# #.#
.#.#.##.###.##.#.# #.#


You could see Ijyb and a quokka.

Vanquished Creatures
  A dart slug (D:1)
  A leopard gecko (D:1)
  A giant cockroach (D:1)
  8 goblins
  A frilled lizard (D:2)
  A kobold (D:2)
  3 rats (D:1)
16 creatures vanquished.

Vanquished Creatures (others)
  A goblin (D:2)
  48 foxfires
49 creatures vanquished.

Grand Total: 65 creatures vanquished

Notes
Turn   | Place    | Note
-------+----------+-------------------------------------------
     0 | D:1      | ArchParadox the Draconian Fire Elementalist began the quest
                  | for the Orb.
     0 | D:1      | Reached XP level 1. HP: 14/14 MP: 3/3
   355 | D:1      | Reached XP level 2. HP: 22/22 MP: 3/5
   631 | D:1      | You fall into a shaft and drop 1 floor!
   632 | D:2      | Noticed Ijyb
   638 | D:2      | Reached skill level 1 in Fighting
   715 | D:1      | Slain by a quokka

Illustrated notes

Levels and vault maps discovered:
D:1:      lightli_arrival_chessboard, layout_basic, serial_corexii_hall,
          chequers_hall_statues_corner_a, corexii_hall_statues_l
D:2:      kennysheep_the_goblin_king, layout_rooms

Skill      XL: |  1  2 |
---------------+-------+-----
Fighting       | 1 |  1.0
Dodging        | |  1.7
Stealth        | |  1.7
Spellcasting   | |  2.0
Conjurations   | |  1.5
Fire Magic     | |  3.5

Action                   || total
-------------------------++-------
Melee: Short sword       ||    16
       Tailslap          ||     1
 Cast: Foxfire           ||    28
  Use: Scroll            ||     1
Armor: Skin              ||    18
Dodge: Dodged            ||    36
